 Dungeon Crawl Stone Soup version 0.30-a0-553-g7fabdf1491 (webtiles) character file.

Game seed: 17438796966916003329

24110 drugrobin the Brawler (level 12, -8/108 HPs)
             Began as a Demigod Delver on Dec 26, 2022.
             Mangled by a five-headed hydra (13 damage)
             ... on level 1 of the Lair of Beasts.
             The game lasted 00:44:38 (19209 turns).

drugrobin the Brawler (Demigod Delver)             Turns: 19209, Time: 00:44:39

Health: -8/108     AC:  9    Str: 21    XL:     12   Next: 43%
Magic:  14/17      EV: 11    Int: 16    God:
Gold:   370        SH:  4    Dex: 19    Spells: 11/14 levels left

rFire   . . .      SeeInvis +      - Unarmed
rCold   . . .      Faith    .    m - +0 buckler
rNeg    . . .      Spirit   .    M - +2 leather armour {rPois}
rPois   +          Reflect  .    p - +0 helmet
rElec   .          Harm     .    W - +0 cloak
rCorr   .          Rampage  .    w - +0 pair of gloves
Will    +....                    D - +0 pair of boots
Stlth   +++                      (no amulet)
HPRegen 0.38/turn                J - ring of see invisible
MPRegen 0.15/turn                G - ring of wizardry

@: no status effects
A: high MP 1, forlorn, divine attributes
a: no special abilities


You were on level 1 of the Lair of Beasts.
You visited 2 branches of the dungeon, and saw 13 of its levels.
You also visited: Sewer.

You collected 666 gold pieces.
You spent 296 gold pieces at shops.

Inventory:

Hand Weapons
 c - a +1 dagger of venom
 f - the +10 whip of Vagubikh {flame, Int+4}
   (You found it on level 10 of the Dungeon)

   It burns those it strikes, dealing additional fire damage.
   Int:       It affects your intelligence (+4).
Missiles
 b - 3 javelins
 n - 14 poisoned darts (quivered)
 H - a throwing net
Armour
 m - a +0 buckler (worn)
 p - a +0 helmet (worn)
 w - a +0 pair of gloves (worn)
 y - +0 acid dragon scales
 D - a +0 pair of boots (worn)
 M - a +2 leather armour of poison resistance (worn)
 O - a +2 robe of cold resistance
 W - a +0 cloak (worn)
Jewellery
 k - a ring of ice
 r - a ring of willpower
 u - a ring of ice
 C - a +6 ring of intelligence
 G - a ring of wizardry (right hand)
 J - a ring of see invisible (left hand)
Wands
 q - a wand of quicksilver (2)
 K - a wand of paralysis (4)
 N - a wand of polymorph (7)
 X - a wand of roots (2)
Scrolls
 d - a scroll of enchant armour
 g - 4 scrolls of poison
 h - a scroll of summoning
 l - 2 scrolls of fog
 t - 2 scrolls of vulnerability
 v - 3 scrolls of torment
 x - a scroll of amnesia
 z - a scroll of identify
 A - 4 scrolls of teleportation
 B - 2 scrolls of immolation
 E - a scroll of blinking
 I - 2 scrolls of silence
 Q - a scroll of brand weapon {unknown}
 Y - a scroll of fear
Potions
 a - a potion of lignification {unknown}
 e - 2 potions of haste
 i - 4 potions of curing
 j - 2 potions of cancellation {unknown}
 o - 3 potions of might {unknown}
 s - a potion of attraction {unknown}
 F - a potion of flight {unknown}
 P - a potion of ambrosia {unknown}
 U - 2 potions of mutation {unknown}
 Z - 2 potions of berserk rage {unknown}
Miscellaneous
 L - a piece from Xom's chessboard (15/15)
 T - a box of beasts (inert)


   Skills:
 + Level 10.7 Fighting
 - Level 1.7 Dodging
 - Level 4.5 Stealth
 + Level 16.8 Unarmed Combat
 + Level 1.5 Spellcasting


You had 11 spell levels left.
You knew the following spells:

 Your Spells              Type           Power      Damage    Failure   Level
a - Stone Arrow           Conj/Erth      2%         3d7       38%         3

Your spell library contained the following spells:

 Spells                   Type           Power      Damage    Failure   Level
 Sandblast                Erth           2%         2d4       14%         1
 Sting                    Tmut/Pois      4%         1d3       14%         1
 Passwall                 Tmut/Erth      0%         N/A       21%         2
 Poisonous Vapours        Pois/Air       2%         N/A       21%         2
 Animate Dead             Necr           1%         N/A       77%         4
 Olgreb's Toxic Radiance  Pois           1%         N/A       77%         4
 Haunt                    Necr/Summ      0%         N/A       100%        7
 Infestation              Necr           0%         N/A       100%        8


Dungeon Overview and Level Annotations

Branches:
Dungeon (11/15)            Temple (0/1) D:7            Lair (2/5) D:9
    Orc (0/2) D:10          Sewer (visited)
  Swamp: Lair:2-3    Shoals: Lair:2-3     Snake: Lair:2-3    Spider: Lair:2-3

Shops:
D:8 (*([?   D:10 [

Annotations:
D:9 1 runed translucent door, snackwell's ghost, novice DsTm


Innate Abilities, Weirdness & Mutations

You have an increased reservoir of magic. (+10% MP)
You shall have no god before yourself.
Your divine heritage dramatically boosts your attributes as you level up.


Message History

The five-headed hydra closely misses you. x2
The five-headed hydra bites you!
Unknown command.
Unknown command.
Unknown command.
You pummel the five-headed hydra!!
The five-headed hydra is severely wounded.
The five-headed hydra bites you! x3
* * * LOW HITPOINT WARNING * * *
You block the five-headed hydra's attack.
The five-headed hydra bites you.
* * * LOW HITPOINT WARNING * * *
Unknown command.
Unknown command.
Unknown command.
Unknown command.
Unknown command.
Unknown command.
Unknown command.
Unknown command.
Unknown command.
Unknown command.
Unknown command.
Unknown command.
You hit the five-headed hydra.
The five-headed hydra is severely wounded.
Unknown command.
Unknown command.
Unknown command.
Unknown command.
You hit the five-headed hydra.
The five-headed hydra is severely wounded.
The five-headed hydra bites you but does no damage.
The five-headed hydra bites you!
* * * LOW HITPOINT WARNING * * *
The five-headed hydra bites you but does no damage.
The five-headed hydra bites you!
* * * LOW HITPOINT WARNING * * *
The five-headed hydra bites you!
You die...

##..###.......##..##.#....#♣~P#
..#......##.....#)......#..~P~♣##
........#####...######......P~~P#
....♣...# #...### #......~≈~♣#
.....#### ###.....# #......~P~♣
####'# #..#....# #......~♣~# #..#
##.##..## #..##.♣P♣##
#..#######.##...## #..######
#..........^#.@..###..#
###..####P##.##..D###...## P##..#
###..###.#.###...# .....#
#..####### #..## ##...#
##..########...#
##...######P............##
#..........P...........#
#...............####...#
##..............## #....#


You could see a five-headed hydra.

Vanquished Creatures
  A hydra (Lair:2)
  2 centaur warriors (D:8)
  2 two-headed ogres
  A boulder beetle (D:11)
  The ghost of lotusamurai3 the Nimble, a novice TeMo of Wu Jian (D:8)
  Pikel (D:8)
  2 ugly things
  10 centaur zombies (D:11)
  A cyclops (D:11)
  A torpor snail (Lair:1)
  2 cane toads (Lair:1)
  2 komodo dragons
  2 unseen horrors
  3 kobold demonologists
  5 trolls
  2 hornets
  A meliai zombie (D:11)
  3 wyverns
  6 wraiths (D:10)
  2 fire bats (D:10)
  A basilisk (Lair:1)
  4 steam dragons
  21 yaks
  3 vampire mosquitoes
  An acid dragon (D:7)
  4 water moccasins (Lair:1)
  A sky beast (D:7)
  2 orc warriors
  A black bear (D:5)
  2 ogres
  An ice beast (D:8)
  3 wolves (D:9)
  4 centaurs
  2 phantoms
  6 kobold brigands
  4 scorpions
  7 bullfrogs
  9 wights (D:8)
  4 killer bees (D:7)
  3 howler monkeys
  3 jellies
  2 gnoll boudas
  2 orc priests
  6 hounds
  An iguana (D:6)
  A boggart zombie (D:11)
  Ijyb (D:5)
  8 orc wizards
  Robin (D:4)
  17 gnolls
  8 adders
  A white imp (D:8)
  A worm (D:3)
  4 dart slugs
  17 orcs
  9 ball pythons
  13 endoplasms
  7 giant cockroaches
  11 goblins
  12 hobgoblins
  4 jackals
  7 quokkas
  16 bats
  7 frilled lizards
  27 kobolds
  7 rats
326 creatures vanquished.

Vanquished Creatures (collateral kills)
  A two-headed ogre (D:11)
1 creature vanquished.

Vanquished Creatures (others)
  A fungus (Lair:1)
  2 plants
3 creatures vanquished.

Grand Total: 330 creatures vanquished

Notes
Turn   | Place    | Note
-------+----------+-------------------------------------------
     0 | D:5      | drugrobin the Demigod Delver began the quest for the Orb.
     0 | D:5      | Reached XP level 1. HP: 18/18 MP: 3/3
    63 | D:5      | Noticed a scorpion
   186 | D:5      | Noticed an orc wizard
   220 | D:5      | Found a glowing drain.
   224 | Sewer    | Entered a sewer
   341 | Sewer    | Reached skill level 2 in Unarmed Combat
   539 | Sewer    | Noticed a kobold brigand
   552 | Sewer    | Reached XP level 2. HP: 15/25 MP: 4/4
   593 | Sewer    | Killed a kobold brigand
   594 | Sewer    | Reached skill level 4 in Unarmed Combat
   594 | Sewer    | Reached XP level 3. HP: 12/30 MP: 5/5
   718 | Sewer    | Reached XP level 4. HP: 36/37 MP: 6/6
   827 | Sewer    | Noticed a kobold brigand
   870 | Sewer    | Killed a kobold brigand
   871 | Sewer    | Reached skill level 5 in Unarmed Combat
   871 | Sewer    | Reached XP level 5. HP: 16/42 MP: 7/7
  1042 | D:5      | Noticed an ogre
  1435 | D:4      | Noticed Robin
  1473 | D:4      | Killed Robin
  1474 | D:4      | Reached skill level 6 in Unarmed Combat
  1505 | D:4      | Reached XP level 6. HP: 33/50 MP: 8/8
  4021 | D:3      | Reached skill level 7 in Unarmed Combat
  5074 | D:4      | Reached XP level 7. HP: 33/56 MP: 9/9
  5268 | D:5      | Reached skill level 8 in Unarmed Combat
  5486 | D:5      | Noticed Ijyb
  5500 | D:5      | Killed Ijyb
  5623 | D:5      | Reached skill level 9 in Unarmed Combat
  5942 | D:5      | Reached XP level 8. HP: 54/62 MP: 10/10
  6924 | D:6      | Reached skill level 10 in Unarmed Combat
  8180 | D:7      | Found a staircase to the Ecumenical Temple.
  8523 | D:7      | Reached skill level 11 in Unarmed Combat
  8890 | D:8      | Found Oburasa's Magic Scroll Boutique.
  8913 | D:8      | Reached XP level 9. HP: 42/68 MP: 11/11
  8917 | D:8      | Bought a scroll of identify for 32 gold pieces
  8917 | D:8      | Bought a scroll of identify for 32 gold pieces
  8917 | D:8      | Bought a scroll of enchant armour for 120 gold pieces
  9205 | D:8      | Found Ityehuts's Armour Shoppe.
  9259 | D:8      | Reached skill level 12 in Unarmed Combat
  9304 | D:8      | Identified the +0 hat of Least Resistance {Will+}
  9712 | D:8      | Found Jamiane's Weapon Boutique.
  9715 | D:8      | Noticed Pikel
  9743 | D:8      | Killed Pikel
  9744 | D:8      | Reached skill level 13 in Unarmed Combat
  9984 | D:8      | Found Yrruir's General Store.
  9995 | D:8      | Bought a potion of curing for 42 gold pieces
  9995 | D:8      | Bought a scroll of identify for 28 gold pieces
  9995 | D:8      | Bought a throwing net for 42 gold pieces
 10412 | D:8      | Noticed a yaktaur
 10412 | D:8      | Noticed a centaur warrior
 10444 | D:8      | Noticed a green ugly thing
 10455 | D:8      | Reached XP level 10. HP: 20/74 MP: 13/13
 10738 | D:8      | Found Ipowerch's Weapon Shop.
 10758 | D:8      | Found a runed translucent door.
 10758 | D:8      | Noticed lotusamurai3's ghost (novice TeMo)
 10867 | D:8      | Killed a centaur warrior
 10971 | D:8      | Noticed a cyclops
 11078 | D:9      | Reached skill level 14 in Unarmed Combat
 11413 | D:9      | Found a staircase to the Lair.
 11461 | D:9      | Noticed a sixfirhy
 11467 | D:9      | Reached skill level 5 in Fighting
 11467 | D:9      | Noticed a smoke demon
 11479 | D:9      | HP: 4/81 [burnt (6)]
 12359 | D:9      | Found a runed translucent door.
 12362 | D:9      | Noticed snackwell's ghost (novice DsTm)
 12413 | D:9      | Noticed a two-headed ogre
 12425 | D:9      | Killed a two-headed ogre
 12774 | D:10     | Entered Level 10 of the Dungeon
 12781 | D:10     | Learned a level 3 spell: Stone Arrow
 13245 | D:10     | Reached XP level 11. HP: 69/91 MP: 14/14
 13423 | D:10     | Found a staircase to the Orcish Mines.
 13683 | D:10     | Reached skill level 15 in Unarmed Combat
 13909 | D:10     | Found a runed translucent door.
 13937 | D:10     | Noticed a flayed ghost
 14104 | D:10     | Found Igokk's Antique Armour Boutique.
 14388 | D:10     | Identified the +10 whip of Vagubikh {flame, Int+4}
 14729 | D:11     | Noticed a boulder beetle
 14846 | D:11     | Killed a boulder beetle
 15398 | D:11     | Noticed a two-headed ogre
 15503 | D:11     | Killed a two-headed ogre
 16165 | D:11     | Reached skill level 16 in Unarmed Combat
 16771 | D:8      | Reached XP level 12. HP: 85/105 MP: 15/15
 17043 | D:8      | Noticed a centaur warrior
 17086 | D:8      | Killed a centaur warrior
 17411 | D:8      | HP: 5/103 [lotusamurai3's ghost (19)]
 17414 | D:8      | Killed lotusamurai3's ghost
 17415 | D:8      | Reached skill level 10 in Fighting
 17769 | Lair:1   | Entered Level 1 of the Lair of Beasts
 18884 | Lair:2   | Noticed a five-headed hydra
 18924 | Lair:2   | Noticed a four-headed hydra
 18935 | Lair:2   | Killed a four-headed hydra
 18948 | Lair:2   | Reached skill level 1 in Spellcasting
 19209 | Lair:1   | HP: 5/108 [five-headed hydra (12)]
 19209 | Lair:1   | Mangled by a five-headed hydra

Illustrated notes

Levels and vault maps discovered:
D:1:      dpeg_arrival_rooms_b, layout_loops_ring, st_stairs_4
D:2:      layout_basic
D:3:      layout_loops_ring, bloody_trog, lemuel_blue_sif_altar,
          mainiacjoe_overflow_brackets, bh_walls_and_bars
D:4:      layout_layer_cave, uniq_robin
D:5:      layout_gridville, gup_sewer_entry_bowl, uniq_ijyb
D:6:      layout_basic, lemuel_coloured_pillars_altar
D:7:      layout_loops_cross, kennysheep_little_box,
          nicolae_overflow_crystal_walls, minmay_temple_entry_grid
D:8:      nzn_winding_woodlands_stair_cross [nzn_winding_woodlands_5x15_parted,
          nzn_winding_woodlands_center_lodge, nzn_winding_woodlands_5x15_jagged,
          nzn_winding_woodlands_5x5_default, nzn_winding_woodlands_5x5_three,
          nzn_winding_woodlands_5x15_pockets,
          nzn_winding_woodlands_center_diamonds,
          nzn_winding_woodlands_5x15_pool], layout_loops_cross,
          okawaru_ov_weapons_minmay, gammafunk_ghost_grave, serial_shops,
          kennysheep_mini, shop, shop, nicolae_shop_advertising_works
          [nicolae_subvault_shop_adworks], nicolae_shop_hallway_stairs,
          uniq_pikel
D:9:      layout_basic, mainiacjoe_overflow_catch_the_wave, erik_lair_island,
          ebering_ghost_reflecting_pool, minivault_16
D:10:     due_megacathedral, layout_cave_pools, serial_shops, shop
D:11:     layout_roguey, nicolae_yredelemnul_corpse_copse
Lair:1:   layout_chaotic_city, grunt_megastairs_4, serial_bayou_shore_b
Lair:2:   layout_gridlike, shoals_dummy_entry,
          hellmonk_spider_entry_life_and_decay

Skill      XL: |  1  2  3  4  5  6  7  8  9 10 11 12 |
---------------+-------------------------------------+-----
Unarmed Combat | 2 4 5 6 7 9 11 13 14 16 | 16.8
Fighting       | 6 9 10 | 10.7
Spellcasting   | 1 |  1.5
Dodging        | |  1.7
Stealth        | |  4.5

Action                   |  1- 3 |  4- 6 |  7- 9 | 10-12 || total
-------------------------+-------+-------+-------+-------++-------
Melee: Unarmed           |    73 |   323 |   296 |   540 ||  1232
       Punch             |     1 |       |       |       ||     1
       Dagger            |       |     7 |    99 |    50 ||   156
 Fire: Sling             |       |       |    13 |       ||    13
Throw: Dart              |     7 |    33 |    22 |    66 ||   128
       Boomerang         |       |       |    16 |       ||    16
       Throwing net      |       |       |     2 |     5 ||     7
       Javelin           |       |       |       |     3 ||     3
 Cast: Stone Arrow       |       |       |       |    14 ||    14
Evoke: Wand              |     1 |       |     1 |     6 ||     8
       Box of beasts     |       |       |       |     1 ||     1
  Use: Potion            |     4 |     4 |     1 |     1 ||    10
       Scroll            |     1 |       |    13 |     3 ||    17
 Stab: Invisible         |     7 |     7 |       |       ||    14
       Sleeping          |       |    24 |     6 |     2 ||    32
       Distracted        |       |     1 |       |     2 ||     3
       Held in net/web   |       |       |     2 |     4 ||     6
Armor: Scale mail        |    37 |    19 |       |       ||    56
       Leather armour    |       |    11 |    16 |   233 ||   260
       Robe              |       |    55 |    55 |       ||   110
       Acid dragon scale |       |       |    20 |       ||    20
       Skin              |       |       |     2 |       ||     2
Dodge: Dodged            |    36 |   143 |   178 |   268 ||   625
Block: Buckler           |       |    50 |    60 |    95 ||   205

Table legend: (Time is in decaauts)
 A = Elapsed time spent in this place.
 B = Non-inter-level travel time spent in this place.
 C = Inter-level travel time spent in this place.
 D = Time resting spent in this place.
 E = Time spent auto-exploring this place.
 F = Levels seen in this place.
 G = Mean time per level.
                   A        B        C        D        E       F      G
               +--------+--------+--------+--------+--------+-----+--------+
         Total |  19054 |  18261 |    793 |   2974 |  10967 |  14 | 1361.0 |
       Dungeon |  16848 |  16159 |    689 |   2668 |   9738 |  11 | 1531.6 |
          Lair |   1426 |   1322 |    104 |    161 |    935 |   2 |  713.0 |
         Sewer |    778 |    778 |      0 |    144 |    294 |   1 |  778.0 |
               +--------+--------+--------+--------+--------+-----+--------+

Top non-repeatable levels by time:
     D:8: 2828 daAuts
    D:10: 1897 daAuts
    D:11: 1842 daAuts
     D:9: 1785 daAuts
     D:6: 1745 daAuts
     D:5: 1440 daAuts
     D:4: 1420 daAuts
  Lair:1: 1377 daAuts
     D:7: 1193 daAuts
     D:3: 977 daAuts
     D:2: 925 daAuts
     D:1: 791 daAuts
   Sewer: 778 daAuts
  Lair:2: 48 daAuts
